 Dungeon Sprint DCSS version 0.24-a0-581-gc0fa660 (webtiles) character file.

Game seed: 1778078979030023254

2836 Faca the Severer (level 10, -17/97 HPs)
             Began as a Formicid Fighter on Aug 22, 2019.
             Was a Believer of the Shining One.
             Killed from afar by a deep elf mage (30 damage)
             ... with a bolt of lightning
             ... in the Dungeon (Sprint V: "Ziggurat Sprint").
             The game lasted 00:02:28 (433 turns).

Faca the Severer (Formicid Fighter)                  Turns: 433, Time: 00:02:28

Health: -17/97     AC: 15    Str: 37    XL:     10   Next: 3%
Magic:  10/10      EV:  6    Int:  2    God:    the Shining One [**....]
Gold:   0          SH: 14    Dex: 10    Spells: 9/9 levels left

rFire    . . .     SeeInvis +   y - +5 broad axe
rCold    + . .     Gourm    .   o - +3 shield
rNeg     + + .     Faith    .   L - +4 plate armour of Roklagoh {+Fly rC+ rN+ MR+ Int-5}
rPois    .         Spirit   .   (helmet unavailable)
rElec    .         Reflect  .   (no cloak)
rCorr    .         Harm     .   (no gloves)
MR       ++...                  (no boots)
Stlth    ..........             (no amulet)
HPRegen  0.26/turn              E - +6 ring of strength
MPRegen  0.12/turn              F - +6 ring of strength

@: glowing
A: permanent stasis, dig shafts and tunnels, four strong arms, antennae 3
a: Dig, Divine Shield, Renounce Religion, Evoke Flight


You were in the Dungeon.
You worshipped the Shining One.
The Shining One was pleased with you.
You were not hungry.

You visited 1 branch

Inventory:

Hand Weapons
 x - a +5 battleaxe
 y - a +5 broad axe (weapon)
 z - a +5 executioner's axe
Armour
 l - +5 gold dragon scales
 m - +5 storm dragon scales
 n - a +3 large shield
 o - a +3 shield (worn)
 J - the +15 Maxwell's patent armour {-Cast -Tele rElec MR+ rCorr}
   (You found it in the Dungeon)

   It insulates you from electricity.
   It affects your resistance to hostile enchantments.
   It prevents spellcasting.
   It prevents most forms of teleportation.
   It provides partial protection from all sources of acid and corrosion.
 L - the +4 plate armour of Roklagoh (worn) {+Fly rC+ rN+ MR+ Int-5}
   (You found it in the Dungeon)

   It affects your intelligence (-5).
   It protects you from cold.
   It protects you from negative energy.
   It affects your resistance to hostile enchantments.
   It lets you fly.
Jewellery
 a - an uncursed ring of flight
 A - a +6 ring of dexterity
 B - a +6 ring of dexterity
 C - a +6 ring of intelligence
 D - a +6 ring of intelligence
 E - a +6 ring of strength (left hand)
 F - a +6 ring of strength (right hand)
 M - the ring of Eternal Night {rC+ Stlth-}
   (You found it in the Dungeon)

   [ring of attention]

   It protects you from cold.
   It makes you less stealthy.
Wands
 G - a wand of disintegration (7)
 H - a wand of iceblast (7)
 I - a wand of acid (7)
Scrolls
 k - 4 scrolls of blinking
 q - 4 scrolls of amnesia
 s - 7 scrolls of fog
 t - a scroll of holy word
 u - 5 scrolls of identify
 v - 5 scrolls of remove curse
 w - 2 scrolls of fear
Potions
 b - 2 potions of brilliance
 c - 2 potions of invisibility
 d - 6 potions of might
 e - 10 potions of curing
 g - 8 potions of heal wounds
 h - 6 potions of haste
 i - 7 potions of magic
 j - 3 potions of berserk rage
 p - 4 potions of resistance
 r - 5 potions of agility
Comestibles
 f - 7 rations


   Skills:
 + Level 15.5 Fighting
 + Level 15.7 Axes
 - Level 3.2 Armour
 - Level 3.6 Shields


You had 9 spell levels left.
You didn't know any spells.
Your spell library was empty.

Dungeon Overview and Level Annotations

Branches:
Dungeon (1/1)

Altars:
Ashenzari
Cheibriados
Dithmenos
Elyvilon
Fedhas
Gozag
Hepliaklqana
Kikubaaqudgha
Makhleb
Nemelex Xobeh
Okawaru
Qazlal
Ru
Sif Muna
Trog
Uskayaw
Vehumet
Wu Jian
Xom
Yredelemnul
Zin
The Shining One
Beogh
Jiyva
Lugonu

Annotations:
D 1 transporter


Innate Abilities, Weirdness & Mutations

You cannot be hasted, slowed, berserked, paralysed or teleported.
You can dig through walls and to a lower floor.
Your four strong arms can wield two-handed weapons with a shield.
You have a pair of large antennae on your head. (SInv)


Message History

The deep elf mage is lightly wounded.
Your shield and plate armour of Roklagoh prevent you from hitting the deep elf knight.
The deep elf mage hits you but does no damage.
The deep elf knight hits you with a +1 long sword of flaming.
* * * LOW HITPOINT WARNING * * *
The deep elf knight burns you.
* * * LOW HITPOINT WARNING * * *
You feel much better. The deep elf mage casts a spell at you.
The bolt of lightning hits you!!
* * * LOW HITPOINT WARNING * * *
The bolt of lightning hits you!
* * * LOW HITPOINT WARNING * * *
The deep elf knight hits you but does no damage.
You feel much better. The deep elf mage casts a spell at you.
The bolt of lightning hits you!
* * * LOW HITPOINT WARNING * * *
The bolt of lightning hits you!!
You die...

▓▓▓▓▓▓▓▓▓▓▓▓▓▓▓▓▓▓▓
▓.8©8.▓.8©8.▓.8©8.▓
▓.:):.▓.}...▓.....▓
▓..)..▓.....▓.}...▓
▓..e..▓.....▓.....▓
▓..@..▓.))..▓..†..▓
▓.e...▓.....▓..©..▓
▓..©..▓..©..▓▓▓▓▓▓▓
▓▓▓▓▓▓▓▓▓▓▓▓▓ {{{
{{{ { { {


You could see a deep elf knight and a deep elf mage.

Vanquished Creatures
  A dancing weapon (D)
  2 deep elf knights (D)
  2 deep elf magi (D)
  A polar bear (D)
  An ice beast (D)
7 creatures vanquished.

Vanquished Creatures (others)
  An azure jelly (D)
  2 spatial maelstroms (D)
  Grinder (D)
  Menkaure (D)
  Crazy Yiuf (D)
6 creatures vanquished.

Grand Total: 13 creatures vanquished

Notes
Turn   | Place    | Note
-------+----------+-------------------------------------------
     0 | D        | Faca the Formicid Fighter began the quest for the Orb.
     0 | D        | Reached XP level 1. HP: 18/18 MP: 1/1
     2 | D        | Banished a spatial maelstrom
     3 | D        | Found a blossoming altar of Fedhas.
     4 | D        | Found the +6 Majin-Bo {vamp, Archmagi MP+6 Int+6}
     4 | D        | Found the +7 great mace "Firestarter" {inner flame, rF++}
     4 | D        | Banished a spatial maelstrom
     8 | D        | Killed Crazy Yiuf
    29 | D        | Found a shimmering blue altar of Sif Muna.
    29 | D        | Found a sacrificial altar of Ru.
    29 | D        | Found a bloodstained altar of Trog.
    29 | D        | Found a stormy altar of Qazlal.
    29 | D        | Found an iron altar of Okawaru.
    29 | D        | Found a sparkling altar of Nemelex Xobeh.
    31 | D        | Reached XP level 2. HP: 24/24 MP: 2/2
    32 | D        | Found a transporter.
    32 | D        | Found an ancient bone altar of Kikubaaqudgha.
    32 | D        | Found a viscous altar of Jiyva.
    32 | D        | Found a corrupted altar of Lugonu.
    32 | D        | Found a hazy altar of Hepliaklqana.
    32 | D        | Found a burning altar of Makhleb.
    32 | D        | Found an opulent altar of Gozag.
    62 | D        | Found the +6 shillelagh "Devastator" {shatter}
    62 | D        | Found the +11 plutonium sword {*Contam Stlth-}
    62 | D        | Found the +8 lance "Wyrmbane" {slay drac, rPois rF+ rC+
                  | AC+3}
    62 | D        | Found the +9 sword of Zonguldrok {reap}
    62 | D        | Found the cursed +13 scythe of Curses {drain, *Curse}
    62 | D        | Found the +0 sword of Power
    62 | D        | Found the +7 mace of Variability {chain chaos}
    62 | D        | Found the +7 Singing Sword {slice, sonic wave}
    62 | D        | Found the +8 storm bow {elec, penet}
    63 | D        | Found the +9 heavy crossbow "Sniper" {velocity, Acc+∞ SInv}
    63 | D        | Found the +10 dark maul {crush}
    63 | D        | Found the +15 Maxwell's patent armour {-Cast -Tele rElec
                  | MR+ rCorr}
    63 | D        | Found the +18 shield of the Gong {rElec rN+ MR+ EV-5}
    63 | D        | Found the cursed +14 obsidian axe {chop, +Fly SInv *Curse}
    75 | D        | Became a worshipper of the Shining One
    88 | D        | Entered arena 2.
    88 | D        | Noticed a polar bear
    88 | D        | Noticed an ice beast
    88 | D        | Found a transporter.
    93 | D        | Killed an ice beast
    93 | D        | Reached XP level 3. HP: 34/34 MP: 3/3
    93 | D        | Reached XP level 4. HP: 40/40 MP: 4/4
    99 | D        | Killed a polar bear
    99 | D        | Reached XP level 5. HP: 42/52 MP: 5/5
    99 | D        | Reached XP level 6. HP: 48/59 MP: 6/6
   154 | D        | Killed Menkaure
   159 | D        | Entered arena 3.
   159 | D        | Noticed a deep elf knight
   159 | D        | Reached * piety under the Shining One
   159 | D        | Noticed a deep elf mage
   159 | D        | Noticed a deep elf mage
   159 | D        | Found a transporter.
   163 | D        | Noticed a sixfirhy
   166 | D        | Killed an azure jelly
   169 | D        | Killed a deep elf knight
   169 | D        | Reached XP level 7. HP: 30/70 MP: 7/7
   169 | D        | Reached XP level 8. HP: 33/76 MP: 8/8
   171 | D        | Noticed a redback
   171 | D        | Noticed a redback
   171 | D        | Killed a deep elf mage
   171 | D        | Killed a deep elf mage
   171 | D        | Reached XP level 9. HP: 25/86 MP: 9/9
   181 | D        | Got the +4 plate armour of Roklagoh {+Fly rC+ rN+ MR+
                  | Int-5}
   183 | D        | Got the ring of Eternal Night {rC+ Stlth-}
   244 | D        | Killed Grinder
   423 | D        | Entered arena 4.
   423 | D        | Noticed a deep elf mage
   423 | D        | Noticed a +2 long sword of pain
   423 | D        | Reached ** piety under the Shining One
   423 | D        | Noticed a deep elf knight
   423 | D        | Noticed a deep elf knight
   423 | D        | Found a transporter.
   425 | D        | Killed a +2 long sword of pain
   425 | D        | Reached skill level 15 in Axes
   429 | D        | Killed a deep elf knight
   429 | D        | Reached skill level 15 in Fighting
   429 | D        | Reached XP level 10. HP: 82/97 MP: 10/10
   433 | D        | Killed from afar by a deep elf mage

Levels and vault maps discovered:
D:        sprint_v [room_start, room_1, room_2, room_3, room_4, room_5, room_6,
          room_7, room_8, room_9, room_10, room_11, room_12, room_13, room_14,
          room_15, room_16, room_17, room_18, room_19, room_20, room_21,
          room_22, room_23, room_24, room_25, room_26, room_27]

Skill      XL: |  1  2  3  4  5  6  7  8  9 |
---------------+----------------------------+-----
Axes           | 7 9 11 12 14 15 | 15.7
Fighting       | 6 9 12 13 15 | 15.5
Armour         | |  3.2
Shields        | |  3.6

Action                   |  1- 3 |  4- 6 |  7- 9 | 10-12 || total
-------------------------+-------+-------+-------+-------++-------
Melee: Broad axe         |     3 |    12 |     7 |     1 ||    23
  Use: Potion            |     2 |     3 |       |     2 ||     7
Armor: Storm dragon scal |     6 |     5 |     2 |       ||    13
       Plate armour      |       |       |     1 |     2 ||     3
Dodge: Dodged            |     2 |     6 |       |       ||     8
Block: Shield            |     6 |    17 |     6 |     2 ||    31

Table legend:
 A = Non-vault XP
 B = Vault XP
 C = Vault XP percentage of total XP
 D = Non-vault monster count
 E = Vault monster count
 F = Vault count percentage of total count
                 A         B        C        D         E       F
            +---------+---------+-------+---------+---------+-------
      Total |       0 |    4043 | 100.0 |       0 |       7 | 100.0
            +---------+---------+-------+---------+---------+-------
          D |       0 |    4043 | 100.0 |       0 |       7 | 100.0
            +---------+---------+-------+---------+---------+-------
